 Dungeon Sprint DCSS version 0.17-a0-1626-g3031859 (webtiles) character file.

1712 soupofsoups the Blocker (level 9, -11/81 HPs)
             Began as a Formicid Fighter on Aug 2, 2015.
             Was a Believer of Okawaru.
             Mangled by a deep troll (13 damage)
             ... in the Dungeon (Sprint I: "Red Sonja").
             The game lasted 00:06:45 (1304 turns).

soupofsoups the Blocker (Formicid Fighter)          Turns: 1304, Time: 00:06:46

Health: -11/81     AC: 10    Str: 21    XL:     9   Next: 24%
Magic:  9/9        EV: 10    Int:  8    God:    Okawaru [**....]
Gold:   702        SH: 13    Dex: 14    Spells: 0 memorised, 8 levels left

rFire  . . .     SeeInvis +     m - +3 bardiche of the Beast {freeze, MR+ Str-3 Dex+4 SInv}
rCold  . . .     Clarity  .     b - +0 scale mail
rNeg   . . .     SustAt   .     c - +0 shield
rPois  .         Gourm    .     (helmet unavailable)
rElec  .         Spirit   .     (no cloak)
rCorr  .         Warding  .     d - +0 pair of gloves
rMut   .         Stasis   +     (no boots)
MR     +....                    (no amulet)
Stlth  ..........               (no ring)
                                (no ring)

@: somewhat resistant to hostile enchantments, extremely unstealthy
A: permanent stasis, dig shafts and tunnels, four strong arms, antennae 3
a: Dig, Heroism, Renounce Religion


You were in the Dungeon.
You worshipped Okawaru.
Okawaru was pleased with you.
You were very hungry.

You visited 1 branch You collected 702 gold pieces.

Inventory:

Hand weapons
 a - a +0 trident
 h - a +0 blowgun
 m - the +3 bardiche of the Beast (weapon) {freeze, MR+ Str-3 Dex+4 SInv}
   (You found it in the Dungeon)

   It has been specially enchanted to freeze those struck by it, causing extra
   injury to most foes and up to half again as much damage against particularly
   susceptible opponents.
   It can also slow down cold-blooded creatures.
   It affects your strength (-3).
   It affects your dexterity (+4).
   It affects your resistance to hostile enchantments.
   It lets you see invisible.
Missiles
 j - 10 curare-tipped needles
Armour
 b - a +0 scale mail (worn)
 c - a +0 shield (worn)
 d - a +0 pair of gloves (worn)
Magical devices
 g - a wand of polymorph (10)
 l - a wand of slowing (1)
Scrolls
 k - a scroll of amnesia {unknown}
Potions
 f - 3 potions of curing
 i - 2 potions of magic
Comestibles
 e - a bread ration


   Skills:
 + Level 11.1 Fighting
 + Level 10.1 Polearms
 + Level 11.1 Armour
 + Level 12.1 Shields


You had 8 spell levels left.
You didn't know any spells.

Dungeon Overview and Level Annotations

Branches:
Dungeon (1/1)

Altars:
Cheibriados
Dithmenos
Elyvilon
Fedhas
Gozag
Kikubaaqudgha
Makhleb
Nemelex Xobeh
Okawaru
Qazlal
Ru
Sif Muna
Trog
Vehumet
Xom
Yredelemnul
Zin
The Shining One
Jiyva

Shops:
D (


Innate Abilities, Weirdness & Mutations

You are under a permanent stasis effect.
You can dig through walls and to a lower floor.
Your four strong arms can wield two-handed weapons with a shield.
You have a pair of large antennae on your head (SInv).


Message History

The deep troll claws you but does no damage.
The deep troll barely misses you.
You barely miss the deep troll.
The deep troll is heavily wounded.
The deep troll barely misses you. The deep troll claws you!
You block the deep troll's attack.
You barely miss the deep troll.
The deep troll is heavily wounded.
The deep troll barely misses you. The deep troll claws you.
You block the deep troll's attack. The deep troll bites you!!
You block the deep troll's attack. The deep troll claws you!
* * * LOW HITPOINT WARNING * * *
You slash the deep troll! You freeze the deep troll.
The deep troll is severely wounded.
The deep troll bites you!!
* * * LOW HITPOINT WARNING * * *
The deep troll claws you.
* * * LOW HITPOINT WARNING * * *
The deep troll claws you!
You die...

#..#####'#####'#__####...+{{
#..####..#...#.#### ####{{
#..#__####..##[# {
#..#_..__##'#..+ {
#⌠⌠#_.∩...'..._# {
####_..._##_.#+# #_____###'#
#########)####+###
+..@T$$.$$+ #...####### {
###.### { {#.#'#.#{{ {
#.....# {#..)..#{{{{
#######{{{ {


{{{{ { {{{ You could see a deep troll.

Vanquished Creatures
  Sonja (D)
  2 kobold demonologists (D)
  A slime creature (D)
  Sigmund (D)
  A yak (D)
  An ogre (D)
  Ijyb (D)
  A jelly (D)
  A giant eyeball (D)
  3 ballistomycetes (D)
13 creatures vanquished.

Vanquished Creatures (others)
  2 wasps (D)
  2 giant spores (D)
4 creatures vanquished.

Grand Total: 17 creatures vanquished

Notes
Turn   | Place    | Note
--------------------------------------------------------------
     0 | D        | soupofsoups the Formicid Fighter began the quest for the Orb.
     0 | D        | Reached XP level 1. HP: 18/18 MP: 1/1
     1 | D        | Noticed Ijyb
    20 | D        | Killed Ijyb
    20 | D        | Reached skill level 4 in Fighting
    20 | D        | Reached skill level 5 in Shields
    20 | D        | Reached XP level 2. HP: 20/26 MP: 2/2
    20 | D        | Reached XP level 3. HP: 23/31 MP: 3/3
    96 | D        | Noticed an ogre
   100 | D        | Killed an ogre
   100 | D        | Reached skill level 5 in Fighting
   100 | D        | Reached skill level 5 in Armour
   100 | D        | Reached skill level 6 in Shields
   100 | D        | Reached XP level 4. HP: 18/40 MP: 4/4
   100 | D        | Reached XP level 5. HP: 20/46 MP: 5/5
   105 | D        | Noticed Sigmund
   111 | D        | Killed Sigmund
   111 | D        | Reached skill level 7 in Fighting
   111 | D        | Reached skill level 8 in Shields
   111 | D        | Reached XP level 6. HP: 13/55 MP: 6/6
   120 | D        | Found a deep blue altar of Sif Muna.
   121 | D        | Noticed a jelly
   122 | D        | Found a radiant altar of Vehumet.
   124 | D        | Killed a jelly
   396 | D        | Found Ewodewam's Weapon Emporium.
   396 | D        | Found a white marble altar of Elyvilon.
   396 | D        | Found a stormy altar of Qazlal.
   396 | D        | Found a burning altar of Makhleb.
   396 | D        | Found a sacrificial altar of Ru.
   396 | D        | Found a basalt altar of Yredelemnul.
   396 | D        | Found a glowing golden altar of the Shining One.
   396 | D        | Found a sparkling altar of Nemelex Xobeh.
   396 | D        | Found a shimmering altar of Xom.
   396 | D        | Found an opulent altar of Gozag.
   396 | D        | Found an ancient bone altar of Kikubaaqudgha.
   396 | D        | Found a glowing silver altar of Zin.
   396 | D        | Noticed a yak
   408 | D        | Killed a yak
   408 | D        | Reached skill level 9 in Shields
   408 | D        | Reached XP level 7. HP: 26/63 MP: 7/7
   409 | D        | Found an iron altar of Okawaru.
   410 | D        | Found a bloodstained altar of Trog.
   416 | D        | Became a worshipper of Warmaster Okawaru
   592 | D        | Found a viscous altar of Jiyva.
   592 | D        | Found a blossoming altar of Fedhas.
   592 | D        | Noticed a slime creature
   593 | D        | Found a snail-covered altar of Cheibriados.
   593 | D        | Found a shadowy altar of Dithmenos.
   608 | D        | Killed a slime creature
   608 | D        | Reached skill level 10 in Shields
   776 | D        | Noticed a kobold demonologist
   778 | D        | Noticed a kobold demonologist
   787 | D        | Noticed a hellwing
   790 | D        | Noticed a red devil
   796 | D        | Killed a kobold demonologist
   796 | D        | Acquired Okawaru's first power
   796 | D        | Reached XP level 8. HP: 25/72 MP: 8/8
   807 | D        | HP: 3/72 [red devil/trident[a kobold demonologist] (2)]
   809 | D        | Killed a kobold demonologist
   809 | D        | Reached skill level 10 in Fighting
   809 | D        | Reached skill level 10 in Armour
   809 | D        | Reached skill level 11 in Shields
  1127 | D        | Noticed Sonja
  1135 | D        | Killed Sonja
  1135 | D        | Reached skill level 10 in Polearms
  1135 | D        | Reached skill level 12 in Shields
  1135 | D        | Reached XP level 9. HP: 81/81 MP: 6/9
  1212 | D        | Killed a wasp
  1212 | D        | Killed a wasp
  1279 | D        | Got a warped bardiche
  1292 | D        | Identified the +3 bardiche of the Beast {freeze, MR+ Str-3 Dex+4 SInv} (You found it in the Dungeon)
  1299 | D        | Noticed a deep troll
  1304 | D        | HP: 2/81 [deep troll (3)]
  1304 | D        | Mangled by a deep troll

Vault maps used:
D:        dungeon_sprint_1

Action                   |  1- 3 |  4- 6 |  7- 9 || total
-------------------------+-------+-------+-------++-------
Melee: Trident           |    20 |    20 |    68 ||   108
       Bardiche          |       |       |     4 ||     4
Invok: Heroism           |       |       |     1 ||     1
Evoke: Wand              |     2 |       |       ||     2
  Use: Potion            |     1 |       |     2 ||     3
